Map: Lightshade LE

Players

goblin - Winner!

  • Race: Protoss Protoss

Clem

  • Race: Terran Terran

Event: DreamHack SC2 Masters 2021 Fall

VOD

Have the link to the VOD?

Description

Time

  • Played on: July 31, 2021, 2:57 p.m.
  • Length: 10:28

All games in this series

Show
View Real Time Build Order
Export as new Build Order

goblin Protoss - Winner!

Build Orders: 1 Gate Expand, Phoenix Opening, Mass Phoenix 

Get SALT Encoding   

  12  0:00  Probe  
  13  0:12  Probe  
  14  0:17  Pylon  
  14  0:24  Probe (Chrono Boost)  
  15  0:36  Gateway, Probe (Chrono Boost)  
  16  0:44  Probe (Chrono Boost)  
  16  0:45  Assimilator  
  17  0:50  Probe  
  18  1:03  Probe  
  19  1:15  Probe  
  20  1:21  Nexus  
  20  1:30  Cybernetics Core  
  20  1:34  Probe  
  20  1:39  Assimilator  
  21  1:46  Probe  
  22  1:49  Pylon  
  22  1:58  Probe  
  23  2:04  Stalker (Chrono Boost)  
  25  2:10  Probe  
  25  2:13  Stargate  
  26  2:22  Probe  
  27  2:27  Stalker  
  29  2:33  Probe (Chrono Boost)  
  31  2:40  Probe (Chrono Boost)  
  31  2:43  Warp Gate, Probe (Chrono Boost)  
  32  2:48  Probe x2 (Chrono Boost)  
  34  2:53  Phoenix  
  36  2:59  Probe (Chrono Boost)  
  36  3:00  Probe (Chrono Boost)  
  36  3:03  Pylon  
  38  3:11  Probe (Chrono Boost)  
  38  3:12  Phoenix  
  40  3:16  Probe (Chrono Boost)  
  40  3:18  Probe (Chrono Boost)  
  43  3:23  Probe  
  43  3:26  Probe  
  45  3:28  Gateway  
  42  3:35  Probe  
  42  3:38  Probe  
  42  3:40  Phoenix (Chrono Boost)  
  46  3:47  Gateway, Probe  
  47  3:50  Assimilator, Probe  
  47  3:53  Pylon  
  48  3:59  Probe  
  48  4:02  Probe  
  50  4:03  Phoenix (Chrono Boost)  
  52  4:11  Shield Battery  
  52  4:14  Probe  
  52  4:15  Twilight Council, Probe  
  54  4:22  Phoenix  
  56  4:35  Pylon, Adept  
  56  4:36  Stalker  
  60  4:47  Nexus  
  60  4:49  Phoenix  
  60  4:52  Probe  
  62  4:53  Charge (Chrono Boost)  
  62  4:57  Probe  
  63  5:04  Probe  
  64  5:14  Phoenix  
  64  5:18  Zealot  
  68  5:22  Pylon x2  
  68  5:25  Stalker  
  68  5:33  Probe  
  68  5:35  Probe  
  70  5:39  Phoenix  
  70  5:41  Gateway x2  
  72  5:43  Gateway  
  72  5:46  Pylon  
  72  5:58  Zealot x3  
  72  5:59  Probe  
  77  6:04  Phoenix (Chrono Boost)  
  77  6:10  Probe  
  76  6:13  Probe  
  77  6:21  Zealot x3  
  77  6:23  Phoenix (Chrono Boost)  
  85  6:28  Probe x2  
  85  6:30  Probe  
  88  6:38  Zealot  
  88  6:39  Zealot x2  
  94  6:40  Probe  
  94  6:44  Phoenix (Chrono Boost)  
  93  6:48  Zealot x3  
  93  6:50  Pylon  
  99  7:00  Forge  
  99  7:05  Phoenix (Chrono Boost)  
  89  7:16  Zealot x5  
  89  7:20  Protoss Ground Armor Level 1 (Chrono Boost)  
  89  7:24  Phoenix (Chrono Boost)  
  89  7:28  Probe x2 (Chrono Boost)  
  92  7:30  Probe (Chrono Boost)  
  92  7:32  Robotics Facility  
  92  7:36  Zealot  
  92  7:37  Zealot x2  
  96  7:38  Zealot  
  96  7:40  Probe (Chrono Boost)  
  96  7:42  Phoenix (Chrono Boost)  
  104  7:44  Probe (Chrono Boost)  
  104  7:50  Probe x2  
  104  7:52  Probe  
  104  7:53  Assimilator  
  104  7:55  Assimilator  
  107  8:00  Zealot  
  107  8:01  Zealot x3  
  107  8:02  Probe  
  116  8:06  Pylon, Robotics Facility  
  116  8:07  Pylon  
  112  8:16  Phoenix  
  106  8:22  Zealot x6  
  106  8:38  Probe x2  
  100  8:41  Phoenix  
  100  8:44  Robotics Bay  
  96  8:53  Probe x2  
  92  8:57  Zealot, Immortal x2 (Chrono Boost)  
  92  8:58  Zealot  
  98  9:06  Phoenix  
  100  9:13  Zealot x3  
  100  9:14  Zealot  
  108  9:23  Forge  
  108  9:29  Observer x2  
  108  9:31  Phoenix  
  112  9:48  Zealot x2  
  112  9:49  Zealot x3  
  122  9:57  Nexus  
  122  10:00  Pylon  
  122  10:02  Pylon  
  122  10:04  Zealot  
  130  10:12  Probe  
  130  10:14  Pylon  
  130  10:16  Pylon  
Show
View Real Time Build Order
Export as new Build Order

Clem Terran 

Build Orders:  

Get SALT Encoding   

  12  0:00  SCV  
  13  0:12  SCV  
  14  0:16  Supply Depot  
  14  0:24  SCV  
  15  0:38  SCV  
  15  0:39  Barracks  
  16  0:44  Refinery  
  16  0:50  SCV  
  17  1:02  SCV  
  18  1:07  Supply Depot  
  18  1:14  SCV  
  19  1:28  Orbital Command  
  19  1:29  Marine  
  20  1:44  Factory  
  20  1:46  Marine  
  21  1:54  SCV  
  22  2:05  Barracks Reactor  
  22  2:06  SCV  
  23  2:11  Command Center  
  23  2:18  SCV  
  23  2:20  Supply Depot  
  24  2:30  SCV  
  24  2:31  Refinery  
  25  2:40  Starport  
  28  2:44  Hellion  
  28  2:46  Hellion  
  28  2:49  SCV  
  28  2:51  Barracks Tech Lab  
  30  3:01  SCV  
  31  3:13  SCV  
  31  3:15  Marine x2, Cyclone  
  37  3:20  Starport Tech Lab  
  37  3:25  SCV  
  38  3:32  Supply Depot  
  38  3:33  Marine x2  
  40  3:37  SCV  
  40  3:38  Viking  
  43  3:43  Orbital Command  
  41  3:49  SCV  
  41  3:55  Cyclone  
  45  3:56  Marine  
  45  3:57  Marine  
  45  4:01  SCV  
  48  4:09  SCV  
  49  4:10  Viking  
  49  4:14  SCV  
  49  4:16  Supply Depot  
  52  4:17  Marine x2  
  52  4:21  SCV  
  55  4:24  Barracks  
  55  4:26  SCV  
  56  4:33  SCV, Siege Tank  
  56  4:36  Supply Depot  
  60  4:38  SCV  
  60  4:41  Marine x2  
  63  4:47  Barracks  
  63  4:50  SCV x2, Starport Reactor  
  65  4:57  Refinery  
  65  4:58  Marine x2  
  67  5:02  SCV  
  67  5:03  SCV  
  69  5:13  Refinery, Factory Reactor  
  69  5:14  SCV  
  70  5:15  SCV  
  70  5:16  Marine  
  70  5:17  Marine  
  70  5:23  Supply Depot  
  70  5:25  Marine, Stimpack  
  70  5:26  SCV, Engineering Bay  
  72  5:31  SCV  
  72  5:34  Marine  
  69  5:36  Barracks Tech Lab  
  69  5:39  Marine, SCV  
  67  5:45  Marine  
  67  5:52  Marine x2, Widow Mine x2  
  67  5:54  SCV x2  
  67  5:56  Marine  
  70  5:58  Combat Shield  
  70  6:02  Marine  
  70  6:03  Medivac x2  
  74  6:07  SCV x2  
  74  6:10  Marine x2  
  70  6:14  Marine, Terran Infantry Weapons Level 1, Missile Turret  
  68  6:19  SCV, Widow Mine  
  68  6:20  Marine  
  68  6:25  Widow Mine  
  74  6:27  Marine x2  
  74  6:28  Missile Turret  
  74  6:29  Supply Depot  
  74  6:32  Marine  
  75  6:39  Medivac x2, Marauder  
  79  6:45  Marine  
  79  6:46  Marauder  
  82  6:50  Marine, Supply Depot, Widow Mine x2  
  87  6:59  Command Center  
  87  7:02  Supply Depot  
  87  7:05  Marine  
  87  7:07  Marine  
  75  7:09  Marine  
  75  7:10  Marine, SCV  
  75  7:11  SCV, Widow Mine  
  75  7:13  Widow Mine, Medivac  
  75  7:15  Medivac  
  66  7:22  SCV  
  66  7:23  Marine, SCV  
  66  7:27  Marine  
  69  7:31  Marine, Marauder  
  69  7:33  Widow Mine  
  69  7:34  SCV  
  69  7:35  SCV, Widow Mine  
  78  7:42  Marine  
  79  7:45  Marine  
  79  7:47  SCV x2  
  79  7:48  Barracks  
  79  7:50  Marine  
  83  7:51  Barracks  
  83  7:53  Marauder  
  85  7:59  SCV, Widow Mine x2  
  85  8:01  Marine  
  85  8:03  Marauder  
  93  8:05  SCV  
  93  8:08  Marine  
  93  8:11  SCV  
  93  8:12  Medivac  
  89  8:14  Marine  
  89  8:16  Medivac  
  89  8:18  Concussive Shells  
  89  8:19  Marine  
  90  8:20  Widow Mine  
  90  8:24  Marine  
  90  8:25  Supply Depot  
  91  8:30  Marine  
  91  8:31  Widow Mine  
  91  8:32  Marauder  
  82  8:37  Marine  
  82  8:38  Marine  
  82  8:39  SCV  
  75  8:42  Marine, Medivac  
  75  8:43  Marauder  
  80  8:48  Widow Mine  
  80  8:49  Marine  
  80  8:53  Marine  
  80  8:54  Marine  
  69  8:56  Marine  
  69  8:59  Widow Mine  
  69  9:00  Marine  
  70  9:03  Medivac  
  70  9:05  Marine  
  70  9:07  Marine  
  74  9:11  Marine  
  74  9:14  Marine  
  74  9:17  Marine  
  76  9:21  SCV x2  
  79  9:28  Widow Mine  
  79  9:30  Widow Mine  
  83  9:32  Marine  
  83  9:34  Marine  
  83  9:37  Marine  
  83  9:38  Marine x2  
  85  9:41  Marine  
  86  9:50  Marine  
  78  9:52  Marine  
  78  9:55  Widow Mine  
  78  9:56  Medivac  
  78  9:57  Marine  
  78  9:58  Marine  
  78  9:59  Marine x2  
  81  10:06  Supply Depot x2  
  81  10:07  Widow Mine  
  81  10:08  Marine  
  81  10:10  Marine  
  84  10:14  SCV x2  

Tags
 
Add a new tag
Caveats
  • Supply blocks, unpowered buildings, or Contaminate may cause inaccurate times.
  • Supply counts are checked every 10 seconds.